Map: Dusk Towers

Players

Dawn - Winner!

  • Race: Zerg Zerg
  • League: Diamond

ILLBdA

  • Race: Protoss Protoss
  • League: Diamond

VOD

Have the link to the VOD?

Description

Time

  • Played on: Jan. 2, 2016, 10:26 p.m.
  • Length: 4:45
Show
View Real Time Build Order
Export as new Build Order

Dawn Zerg - Winner!

Build Orders: 3 Hatch before Pool 

Get SALT Encoding   

  12  0:01  Drone  
  13  0:08  Drone  
  14  0:18  Overlord  
  14  0:30  Drone, Extractor  
  15  0:37  Drone  
  15  0:38  Drone  
  17  0:46  Drone  
  18  1:00  Drone  
  18  1:03  Hatchery  
  18  1:21  Hatchery  
  17  1:26  Drone  
  17  1:27  Extractor  
  17  1:39  Spawning Pool  
  16  1:44  Drone  
  17  1:53  Drone x2  
  19  2:19  Drone  
  20  2:32  Metabolic Boost  
  20  2:34  Queen x3  
  26  2:42  Zergling x4  
  26  2:43  Zergling x2  
  29  2:48  Overlord  
  29  2:56  Zergling x6  
  32  3:13  Zergling x2  
  32  3:14  Zergling x10  
  38  3:21  Overlord  
  38  3:25  Zergling x2  
  38  3:35  Zergling x2  
  38  3:36  Zergling x2  
  38  3:39  Zergling x2  
  38  3:40  Zergling x6  
  43  3:44  Overlord  
  43  3:49  Zergling x6  
  46  4:02  Zergling x6  
  48  4:03  Zergling x4  
  50  4:10  Overlord  
  50  4:14  Zergling x4  
  50  4:15  Zergling x2  
  52  4:25  Drone x4  
Show
View Real Time Build Order
Export as new Build Order

ILLBdA Protoss 

Build Orders: Nexus First 

Get SALT Encoding   

  12  0:01  Probe (Chrono Boost)  
  13  0:12  Probe (Chrono Boost)  
  14  0:18  Pylon  
  14  0:22  Probe (Chrono Boost)  
  15  0:37  Probe (Chrono Boost)  
  16  0:47  Probe (Chrono Boost)  
  17  0:57  Nexus  
  17  1:07  Gateway  
  17  1:10  Probe (Chrono Boost)  
  18  1:21  Probe (Chrono Boost)  
  18  1:22  Assimilator  
  19  1:27  Assimilator  
  19  1:31  Probe (Chrono Boost)  
  20  1:38  Gateway  
  20  1:42  Probe (Chrono Boost)  
  21  1:52  Probe (Chrono Boost)  
  22  1:55  Cybernetics Core  
  22  2:03  Probe (Chrono Boost)  
  22  2:05  Pylon  
  23  2:10  Probe (Chrono Boost)  
  23  2:13  Probe (Chrono Boost)  
  25  2:21  Probe (Chrono Boost)  
  26  2:24  Probe (Chrono Boost)  
  27  2:31  Adept x2 (Chrono Boost)  
  27  2:33  Warp Gate  
  31  2:38  Mothership Core  
  33  2:55  Probe, Adept (Chrono Boost)  
  33  2:56  Adept (Chrono Boost)  
  38  2:59  Probe  
  39  3:07  Probe  
  39  3:11  Probe  
  41  3:16  Robotics Facility  
  41  3:19  Probe  
  42  3:31  Pylon  
  42  3:32  Pylon  
  38  3:47  Sentry (Chrono Boost)  
  39  3:51  Probe  
  39  3:52  Gateway  
  39  3:54  Gateway  
  40  3:56  Sentry (Chrono Boost)  
  40  3:57  Probe, Pylon  
  39  4:03  Warp Prism (Chrono Boost)  
  39  4:05  Probe  
  39  4:08  Gateway  
  42  4:10  Gateway  
  42  4:12  Probe  
  42  4:16  Pylon  
Tags
 
Add a new tag
Caveats
  • Supply blocks, unpowered buildings, or Contaminate may cause inaccurate times.
  • Supply counts are checked every 10 seconds.